[Event "Titled Tuesday Blitz May 2 Late 2023"]
[White "Simonian, Hrair"]
[Black "Duda, Jan-Krzysztof"]
[WhiteFideId "13302337"]
[BlackFideId "1170546"]
[WhiteElo "2447"]
[BlackElo "2790"]
[Result "0-1"]
[Round "07"]
[TimeControl "180+2"]
[Date "2023.05.02"]
[WhiteClock "0:00:30"]
[BlackClock "0:02:04"]

1. e4 g6 2. d4 Bg7 3. Nc3 d6 4. Be3 a6 5. Qd2 Nd7 6. h4 h6 7. f4 Ngf6 8. Be2 b5 9. e5 b4 10. Nd1 Nd5 11. Bf3 Bb7 12. c4 bxc3 13. Nxc3 N7b6 14. e6 Nc4 15. exf7+ Kf8 16. Bxd5 Nxd2 17. Bxb7 Nc4 18. Bf2 Rb8 19. Bxa6 Nxb2 20. Nf3 c5 21. O-O Qa5 22. Ne4 Qxa6 23. dxc5 Nd3 24. Rab1 Rxb1 25. Rxb1 Nxf2 26. Kxf2 Qxa2+ 27. Nfd2 d5 0-1


[Site "https://www.chess.com"]

[Event "Titled Tuesday Blitz May 2 Late 2023"]
[White "Wieczorek, Oskar"]
[Black "Muradli, Mahammad"]
[WhiteFideId "1133950"]
[BlackFideId "13409301"]
[WhiteElo "2418"]
[BlackElo "2558"]
[Result "0-1"]
[Round "07"]
[TimeControl "180+2"]
[Date "2023.05.02"]
[WhiteClock "0:00:13"]
[BlackClock "0:00:04"]

1. e4 c5 2. Nf3 d6 3. d4 cxd4 4. Nxd4 e6 5. c4 Nf6 6. Nc3 a6 7. Be2 b6 8. O-O Bb7 9. f3 Nbd7 10. Be3 Be7 11. Qd2 O-O 12. Rfd1 Qc7 13. Kh1 Rac8 14. Rdc1 Qb8 15. a4 a5 16. Ncb5 Nc5 17. Rd1 Rfd8 18. Qe1 g6 19. Bg5 Kg7 20. Qh4 h5 21. Bf1 Rd7 22. Re1 Ng8 23. b3 Re8 24. Rad1 Qd8 25. Bxe7 Qxe7 26. Qg3 Red8 27. Re3 Qf6 28. Nxd6 h4 29. Qh3 e5 30. N4f5+ gxf5 31. Nxf5+ Kf8 32. Rde1 Bc8 33. Nxh4 Rd3 34. Qg3 Rxe3 35. Rxe3 Rd1 36. Kg1 Qd6 37. Qf2 Ne7 38. g4 Qd4 39. Nf5 Bxf5 40. gxf5 Nc6 41. Kg2 Nb4 42. f6 Ke8 43. Kg3 Rxf1 44. Qxf1 Qxe3 45. Qh3 Qf4+ 46. Kf2 Nbd3+ 47. Ke2 Qxf6 48. Qc8+ Ke7 49. Qc7+ Kf8 50. Qc8+ Kg7 51. Qg4+ Qg6 52. Qh4 Qg2+ 53. Ke3 Qg1+ 54. Ke2 Nf4+ 55. Kd2 Qd4+ 0-1


[Site "https://www.chess.com"]

[Event "Titled Tuesday Blitz May 2 Late 2023"]
[White "Osinenko, Anton"]
[Black "Grigoriants, Sergey"]
[WhiteFideId "4158970"]
[BlackFideId "4130804"]
[WhiteElo "2294"]
[BlackElo "2502"]
[Result "0-1"]
[Round "07"]
[TimeControl "180+2"]
[Date "2023.05.02"]
[WhiteClock "0:00:02"]
[BlackClock "0:00:03"]

1. e4 c5 2. Nf3 Nc6 3. c3 e6 4. d4 d5 5. exd5 Qxd5 6. Na3 Nf6 7. Nc2 Be7 8. Be3 Ng4 9. Bf4 O-O 10. Be2 Rd8 11. h3 Nf6 12. dxc5 Qe4 13. Qc1 Bxc5 14. Be3 Be7 15. O-O Nd5 16. Rd1 Nxe3 17. Rxd8+ Bxd8 18. Nxe3 Bb6 19. Qc2 Qxc2 20. Nxc2 Bd7 21. Rd1 Be8 22. Nfd4 Nxd4 23. Nxd4 Kf8 24. Bf3 Rb8 25. Kf1 Ke7 26. Ke2 Bd7 27. Rd2 f5 28. g4 g6 29. Bg2 fxg4 30. hxg4 e5 31. Nb3 Bxg4+ 32. Bf3 Be6 33. Rd1 Bc4+ 34. Ke1 Rf8 35. Nd2 Bxa2 36. Ke2 Be6 37. Rh1 h5 38. Rg1 Bf5 39. Bxb7 h4 40. Be4 h3 41. Rh1 Bg4+ 42. f3 Bd7 43. Bxg6 Rg8 44. Bh5 Rg2+ 45. Ke1 h2 46. Nf1 Bg1 47. b4 Rb2 48. Nd2 Bc6 49. Ke2 Rc2 50. Kd3 Rb2 51. Nc4 Bb5 0-1


[Site "https://www.chess.com"]

[Event "Titled Tuesday Blitz May 2 Late 2023"]
[White "Rosen, Eric"]
[Black "Yoo, Christopher Woojin"]
[WhiteFideId "2032562"]
[BlackFideId "30909694"]
[WhiteElo "2331"]
[BlackElo "2519"]
[Result "1/2-1/2"]
[Round "07"]
[TimeControl "180+2"]
[Date "2023.05.02"]
[WhiteClock "0:00:09"]
[BlackClock "0:00:05"]

1. d4 d5 2. Bf4 Nf6 3. e3 c5 4. Nf3 Nc6 5. Nbd2 Bg4 6. c3 cxd4 7. exd4 e6 8. Bb5 Bd6 9. Bxd6 Qxd6 10. O-O O-O 11. a4 Ne4 12. h3 Nxd2 13. Qxd2 Bxf3 14. gxf3 Na5 15. Qg5 f5 16. Qg3 f4 17. Qg4 Rf6 18. Kh2 Rg6 19. Qh4 Rh6 20. Qg4 a6 21. Bd3 Nc6 22. Rg1 Qe7 23. Rae1 Rf8 24. b4 Qf7 25. b5 axb5 26. axb5 Ne7 27. Re5 Kh8 28. Rge1 Nf5 29. Bxf5 exf5 30. Rxf5 Rf6 31. Rxf6 Qxf6 32. Re6 Qf7 33. Rd6 h5 34. Qg5 Rc8 35. Rxd5 Rxc3 36. Qxh5+ Qxh5 37. Rxh5+ Kg8 38. Kg2 Rb3 39. Rd5 Kh7 40. Rf5 Kg6 41. Rc5 Kf6 42. h4 g6 43. Re5 Rb4 44. Rd5 Ke6 45. Re5+ Kf6 46. Rc5 Ke6 47. Rg5 Kf6 48. Rd5 Ke7 49. Kh3 Ke6 50. Re5+ Kf6 51. Rd5 Ke6 52. Rc5 Rxd4 53. Rc7 b6 54. Rc6+ Kf5 55. Rxb6 Rd3 56. Kg2 Rb3 57. Rb7 Kf6 58. Rb6+ Kg7 59. Rb8 Kh6 60. b6 Kg7 61. b7 Rb1 62. Kh3 Rb2 63. Kg4 Rb4 64. Kg5 Kh7 65. Kf6 Rb2 66. Ke5 Rb4 67. Kd5 Rb1 68. Kd4 Rb2 69. Ke4 Rb4+ 70. Ke5 Kg7 71. Ke6 Rb1 72. Kd5 Rb2 73. Kc6 Rc2+ 74. Kb5 Rb2+ 75. Kc4 Rb1 76. Kc3 Kh7 77. Kc2 Rb4 78. Kd2 Kg7 79. Ke2 Rb2+ 80. Kf1 Rb1+ 81. Kg2 Rb2 82. Kh3 Rb1 83. Kg4 Rb4 84. Kg5 Kh7 85. Kf6 Rb6+ 86. Kf7 Rb2 87. Kf8 Rb1 88. Ke8 Rb2 89. Kd8 Rb1 90. Kc8 Rc1+ 91. Kd8 Rb1 92. Ke8 Re1+ 93. Kf8 Rb1 94. Re8 Rxb7 95. Re7+ Rxe7 96. Kxe7 Kh6 97. Kf6 Kh5 98. Kg7 g5 99. hxg5 Kxg5 100. Kf7 Kf5 101. Ke7 Ke5 102. Kd7 Kd5 103. Kc7 Kc5 104. Kd7 Kd5 105. Kc7 Kc5 106. Kb7 Kb5 107. Ka7 Ka5 108. Kb7 Kb5 109. Kc7 Kc5 1/2-1/2


[Site "https://www.chess.com"]

[Event "Titled Tuesday Blitz May 2 Late 2023"]
[White "Pantev, Veselin"]
[Black "Remizov, Yaroslav"]
[WhiteFideId "2901390"]
[BlackFideId "34134015"]
[WhiteElo "2427"]
[BlackElo "2412"]
[Result "1-0"]
[Round "07"]
[TimeControl "180+2"]
[Date "2023.05.02"]
[WhiteClock "0:00:20"]
[BlackClock "0:00:11"]

1. d4 Nf6 2. Nf3 c5 3. e3 d5 4. b3 Nc6 5. Bd3 Bg4 6. Bb2 e6 7. Nbd2 Bd6 8. a3 O-O 9. h3 Bh5 10. Qe2 Nd7 11. g4 Bg6 12. Bxg6 fxg6 13. dxc5 Nxc5 14. Nd4 e5 15. Nb5 Be7 16. O-O-O Kh8 17. Kb1 a6 18. Nc3 d4 19. Nce4 b5 20. Nxc5 Bxc5 21. Ne4 Qd5 22. f3 Bb6 23. h4 h6 24. Rhf1 Rad8 25. h5 g5 26. Ng3 Qe6 27. Nf5 dxe3 28. Nxe3 Nd4 29. Bxd4 Bxd4 30. Nf5 Qb6 31. Rd3 Qc5 32. Rfd1 Qxa3 33. Nxd4 exd4 34. Rxd4 Rxd4 35. Rxd4 Qc5 36. Re4 Qc6 37. b4 Qd5 38. Re8 Rxe8 39. Qxe8+ Kh7 40. Qg6+ Kg8 41. Qe8+ Kh7 42. Qe3 Qd6 43. c3 Kg8 44. Kc2 Qd5 45. Qe8+ Kh7 46. Qg6+ Kg8 47. Qe8+ Kh7 48. Qe3 Qa2+ 49. Kd3 Qc4+ 50. Kd2 Qf1 51. Qd3+ Qxd3+ 52. Kxd3 Kg8 53. c4 bxc4+ 54. Kxc4 Kf7 55. Kc5 Ke6 56. Kb6 Ke5 57. Kxa6 Kf4 58. b5 Kxf3 59. b6 Kxg4 60. b7 Kxh5 61. b8=Q g4 62. Qg3 Kg5 63. Kb6 h5 64. Kc5 h4 65. Qe5+ Kg6 66. Qf4 Kh5 67. Qf5+ Kh6 68. Qxg4 h3 69. Qxh3+ Kg5 70. Kd5 Kf6 71. Qg4 g6 72. Kd6 Kg7 73. Ke6 Kh6 74. Kf6 Kh7 75. Qxg6+ Kh8 76. Qg7# 1-0


[Site "https://www.chess.com"]

[Event "Titled Tuesday Blitz May 2 Late 2023"]
[White "Mendez Fortes, Eduardo Jesus"]
[Black "Maksimovic, Bojan"]
[WhiteFideId "3502376"]
[BlackFideId "14408120"]
[WhiteElo "2307"]
[BlackElo "2468"]
[Result "0-1"]
[Round "07"]
[TimeControl "180+2"]
[Date "2023.05.02"]
[WhiteClock "0:00:15"]
[BlackClock "0:00:11"]

1. e4 g6 2. d4 Nf6 3. Nc3 d5 4. e5 Ne4 5. Qf3 Nxc3 6. bxc3 c5 7. Bb5+ Nc6 8. Ne2 cxd4 9. Nxd4 Bd7 10. Qxd5 e6 11. Qe4 Nxd4 12. Bxd7+ Qxd7 13. cxd4 Bb4+ 14. Bd2 Bxd2+ 15. Kxd2 O-O 16. Rhd1 Rac8 17. Rab1 Rc4 18. c3 b6 19. Rb3 Rfc8 20. Kc2 Qa4 21. Kb2 Rxc3 22. Rxc3 Rxc3 23. Kxc3 Qxd1 24. Qa8+ Kg7 25. Qxa7 Qe1+ 26. Kc4 Qxf2 27. a4 Qc2+ 28. Kb5 Qb3+ 29. Kc6 Qd5+ 30. Kxb6 Qxd4+ 31. Kb7 Qd5+ 32. Kb6 Qxe5 33. Qd7 Qb2+ 34. Qb5 Qd4+ 35. Kb7 Qd5+ 36. Kb6 Qd6+ 37. Qc6 Qd4+ 38. Kb7 e5 39. a5 e4 40. a6 e3 41. a7 e2 42. Qc1 Qe4+ 43. Kc7 e1=Q 44. Qxe1 Qxe1 45. a8=Q Qe5+ 46. Kd7 Qe6+ 47. Kd8 Qd6+ 48. Ke8 Qf8+ 49. Kd7 Qxa8 0-1


[Site "https://www.chess.com"]

[Event "Titled Tuesday Blitz May 2 Late 2023"]
[White "Tanenbaum, Zachary"]
[Black "Martins, Bruno Andre Leite"]
[WhiteFideId "2060850"]
[BlackFideId "1942255"]
[WhiteElo "2175"]
[BlackElo "2240"]
[Result "0-1"]
[Round "07"]
[TimeControl "180+2"]
[Date "2023.05.02"]
[WhiteClock "0:00:03"]
[BlackClock "0:01:04"]

1. e4 e5 2. Nf3 Nc6 3. Bc4 Bc5 4. c3 Nf6 5. d4 exd4 6. b4 Be7 7. b5 Na5 8. Bd3 d5 9. e5 Ne4 10. cxd4 Bf5 11. O-O O-O 12. Nbd2 Nxf2 13. Rxf2 Bxd3 14. Nf1 Bxb5 15. Ne3 Qd7 16. Qc2 Ba4 17. Qb1 c5 18. Nf5 Nc6 19. Ng5 Bxg5 20. Bxg5 Nxd4 21. Nxg7 Kxg7 22. Bf6+ Kg8 23. h3 Rfc8 24. Qc1 Kf8 25. Qh6+ Ke8 26. e6 Qxe6 27. Qxh7 Ne2+ 28. Kh2 Qd6+ 29. Kh1 Ng3+ 30. Kg1 Ne4 31. Qg8+ Qf8 32. Qg4 Bd7 33. Qf4 Be6 34. Re1 Nxf2 35. Qxf2 Qd6 36. Qh4 Kd7 37. Qa4+ Qc6 38. Qf4 Rg8 39. Bh4 Rg6 40. Qf3 Rag8 41. g3 d4 42. Qf4 Qd6 43. Qf3 Rxg3+ 44. Bxg3 Rxg3+ 0-1


[Site "https://www.chess.com"]

[Event "Titled Tuesday Blitz May 2 Late 2023"]
[White "Pakleza, Zbigniew"]
[Black "Lee, Linden"]
[WhiteFideId "1119290"]
[BlackFideId "30941830"]
[WhiteElo "2410"]
[BlackElo "1985"]
[Result "1-0"]
[Round "07"]
[TimeControl "180+2"]
[Date "2023.05.02"]
[WhiteClock "0:01:00"]
[BlackClock "0:01:18"]

1. d4 Nf6 2. Nf3 g6 3. Bf4 Bg7 4. e3 O-O 5. Be2 d6 6. h3 Nfd7 7. O-O e5 8. Bh2 Nc6 9. c4 h6 10. Nc3 f5 11. Rc1 g5 12. dxe5 dxe5 13. Qd5+ Kh8 14. Rfd1 Qe7 15. Qd2 Nb6 16. Nd5 Nxd5 17. cxd5 Nd8 18. Qc3 e4 19. Ne5 Kh7 20. Qxc7 Qxc7 21. Rxc7 f4 22. Bh5 Bf5 23. d6 Ne6 24. Rxb7 Nc5 25. Rc7 Ne6 26. Re7 Rad8 27. d7 Nc5 28. exf4 gxf4 29. Bxf4 Nxd7 30. Nxd7 Rxd7 31. Rdxd7 Bxd7 32. Be5 1-0


[Site "https://www.chess.com"]

[Event "Titled Tuesday Blitz May 2 Late 2023"]
[White "Benedetti, Julio"]
[Black "Klimkowski, Jan"]
[WhiteFideId "172545"]
[BlackFideId "21856222"]
[WhiteElo "2263"]
[BlackElo "2331"]
[Result "1/2-1/2"]
[Round "07"]
[TimeControl "180+2"]
[Date "2023.05.02"]
[WhiteClock "0:00:04"]
[BlackClock "0:00:43"]

1. e4 c5 2. Nc3 g6 3. f4 Bg7 4. Nf3 d6 5. Bc4 Nf6 6. d3 O-O 7. O-O Nc6 8. Qe1 Na5 9. Bb3 Nxb3 10. axb3 d5 11. e5 Ne8 12. Qh4 f6 13. Bd2 Nc7 14. Rae1 d4 15. Ne4 b6 16. exf6 exf6 17. Ng3 f5 18. Re7 Nd5 19. Re2 Qxh4 20. Nxh4 Bd7 21. Nf3 Rae8 22. Rfe1 Rxe2 23. Rxe2 Ra8 24. Ne5 Be8 25. h3 Bh6 26. Rf2 a5 27. Ne2 a4 28. bxa4 Rxa4 29. g4 Ra2 30. gxf5 gxf5 31. Bc1 Ra1 32. Kh2 Rxc1 33. Nxc1 Bxf4+ 34. Rxf4 Nxf4 35. Nc4 b5 36. Nd6 Bd7 37. Nb3 Ne6 38. Nxf5 Kf7 39. Kg3 Kf6 40. Nd6 Ke5 41. Ne4 c4 42. Nbd2 Be8 43. Nf3+ Kd5 44. Nf6+ Kd6 45. Nxe8+ Ke7 46. Ng7 Nxg7 47. Nxd4 cxd3 48. cxd3 b4 49. Nc6+ Kd6 50. Nxb4 Kc5 51. Nc2 Nh5+ 52. Kg4 Nf6+ 53. Kg5 Nd7 54. Kh6 Nf6 55. Kg7 Nh5+ 56. Kxh7 Nf4 57. d4+ Kc4 58. h4 Kd3 59. Ne1+ Kxd4 60. Kh6 Kc4 61. h5 Kb3 62. Kg5 Nxh5 63. Kxh5 Kxb2 1/2-1/2


[Site "https://www.chess.com"]

[Event "Titled Tuesday Blitz May 2 Late 2023"]
[White "Timmermans, Mark"]
[Black "Ambartsumova, Karina"]
[WhiteFideId "1026399"]
[BlackFideId "4166299"]
[WhiteElo "2460"]
[BlackElo "2240"]
[Result "0-1"]
[Round "07"]
[TimeControl "180+2"]
[Date "2023.05.02"]
[WhiteClock "0:00:18"]
[BlackClock "0:00:11"]

1. e4 e5 2. d4 exd4 3. c3 d3 4. Bxd3 Nc6 5. Nf3 Nf6 6. e5 Ng4 7. O-O Be7 8. Re1 Bc5 9. Nd4 Qh4 10. h3 Nxf2 11. Qf3 Nxd3 12. Re4 Ndxe5 13. Be3 O-O 14. Qf5 Qf6 15. Qxf6 gxf6 16. Nd2 d5 17. Rh4 Ng6 18. Rh5 Re8 19. Nf1 Be6 20. Nb5 Bxe3+ 21. Nxe3 Rac8 22. Nxd5 Bxd5 23. Rxd5 Re5 24. Rad1 a6 25. Na3 Rxd5 26. Rxd5 Rd8 27. Rc5 Rd1+ 28. Kh2 Rd2 29. Nc4 Re2 30. a4 Kg7 31. Kg3 Nge5 32. Nxe5 fxe5 33. b4 f5 34. b5 axb5 35. axb5 f4+ 36. Kf3 Re3+ 37. Kf2 Na5 38. Rxc7+ Kg6 39. b6 h5 40. Rc5 Nb3 41. Rc7 Kf5 42. Rxb7 Rxc3 43. Rc7 Nc5 44. Kf1 Ke4 45. b7 Rb3 46. Rxc5 Rxb7 47. Rc3 Rb2 48. Ra3 h4 49. Kg1 Rc2 50. Kf1 Kd4 51. Rb3 e4 52. Rb4+ Kd3 53. Rb5 Rc1+ 54. Kf2 e3+ 55. Kf3 Rf1+ 56. Kg4 e2 57. Rd5+ Ke4 0-1


[Site "https://www.chess.com"]

[Event "Titled Tuesday Blitz May 2 Late 2023"]
[White "Kanakaris, Georgios"]
[Black "Yanchenko, Roman"]
[WhiteFideId "4209460"]
[BlackFideId "4137329"]
[WhiteElo "2291"]
[BlackElo "2491"]
[Result "0-1"]
[Round "07"]
[TimeControl "180+2"]
[Date "2023.05.02"]
[WhiteClock "0:00:03"]
[BlackClock "0:00:19"]

1. d4 d5 2. c4 c6 3. Nf3 Bf5 4. Qb3 Qb6 5. cxd5 Bxb1 6. Rxb1 Qxb3 7. axb3 cxd5 8. e3 Nc6 9. Bd2 e6 10. Rc1 a6 11. Bd3 Bd6 12. Ke2 f5 13. Rc2 Nge7 14. Rhc1 Kd7 15. Ng5 Rhc8 16. Nf7 Bc7 17. f4 h6 18. Rg1 Ke8 19. Ne5 Bxe5 20. dxe5 g5 21. g3 Kd7 22. Rcc1 Rg8 23. h4 Rac8 24. Kf2 gxh4 25. gxh4 Rg4 26. Rxg4 fxg4 27. h5 Nf5 28. Rg1 Rg8 29. Be2 g3+ 30. Kf1 Nce7 31. Bd3 Nh4 32. Ke2 Nef5 33. Be1 Ke7 34. Bb4+ Kd7 35. Be1 b5 36. Bxf5 Nxf5 37. Kf3 Rc8 38. Bxg3 Rc2 39. Bf2 Rxb2 40. Ra1 Rxb3 41. Rxa6 b4 42. Ke2 Rb2+ 43. Kf1 b3 44. Ra7+ Kc6 45. Ra6+ Kb5 46. Rxe6 Rc2 47. e4 d4 48. exf5 b2 49. Rb6+ Kxb6 50. Bxd4+ Kc6 51. Bxb2 Rxb2 52. f6 Kd7 53. f5 Ke8 54. e6 Rb5 55. Kg2 Rxf5 56. f7+ Kf8 0-1


[Site "https://www.chess.com"]

[Event "Titled Tuesday Blitz May 2 Late 2023"]
[White "Bryant, John Daniel"]
[Black "Vlassov, Nikolai"]
[WhiteFideId "2031280"]
[BlackFideId "4103360"]
[WhiteElo "2455"]
[BlackElo "2324"]
[Result "1-0"]
[Round "07"]
[TimeControl "180+2"]
[Date "2023.05.02"]
[WhiteClock "0:00:04"]
[BlackClock "0:00:01"]

1. e4 Nc6 2. Nf3 d5 3. exd5 Qxd5 4. Nc3 Qa5 5. Be2 Bg4 6. O-O O-O-O 7. d3 Nf6 8. Bd2 e5 9. a3 Qc5 10. b4 Qd6 11. b5 Bxf3 12. Bxf3 Nd4 13. a4 Qe6 14. Re1 Bc5 15. a5 Rhe8 16. Ra4 Qf5 17. Be4 Nxe4 18. Nxe4 Bf8 19. b6 cxb6 20. axb6 axb6 21. Be3 Kc7 22. Qb1 Re6 23. c3 b5 24. Ra5 Nc6 25. Rxb5 Rb8 26. Qb3 Rg6 27. Rb1 Nd8 28. Qc4+ Rc6 29. Qd5 Qe6 30. Qxe6 Nxe6 31. c4 Be7 32. h3 f5 33. Nc3 Bd6 34. Nd5+ Kc8 35. c5 Bxc5 36. Bxc5 Rxc5 37. Nb6+ Kc7 38. R5b4 Rd8 39. Nc4 b5 40. Na3 Rxd3 41. Nxb5+ Kc6 42. Na7+ Kd5 43. Rb7 Nd4 44. Rd7+ Ke4 45. Rxg7 Ne2+ 46. Kh2 h5 47. Rh7 Nf4 48. g3 Nd5 49. Rxh5 f4 50. Nb5 Kf3 51. gxf4 Nxf4 52. Rg5 Rd2 53. Rf1 Rxf2+ 54. Rxf2+ Kxf2 55. Nd6 Kf3 56. Rg3+ Ke2 57. Ne4 Rc2 58. Ra3 Kf1+ 59. Kg3 Ne2+ 60. Kg4 1-0


[Site "https://www.chess.com"]

[Event "Titled Tuesday Blitz May 2 Late 2023"]
[White "Mustafayev, Farid"]
[Black "Bilych, Olexiy"]
[WhiteFideId "13408771"]
[BlackFideId "14156504"]
[WhiteElo "2237"]
[BlackElo "2320"]
[Result "0-1"]
[Round "07"]
[TimeControl "180+2"]
[Date "2023.05.02"]
[WhiteClock "0:00:12"]
[BlackClock "0:00:05"]

1. c4 e5 2. Nc3 Nf6 3. g3 c6 4. Bg2 d5 5. cxd5 cxd5 6. d4 e4 7. Nh3 h6 8. O-O Bb4 9. Bf4 O-O 10. Be5 Nbd7 11. Nf4 Bxc3 12. bxc3 Re8 13. Bxf6 Nxf6 14. e3 b6 15. Qa4 Bd7 16. Qb3 Bc8 17. Qb5 Qd7 18. Qxd7 Bxd7 19. Rfc1 Bb5 20. Bf1 Bxf1 21. Kxf1 Rec8 22. Rab1 g5 23. Ne2 Rc4 24. Rb4 Rac8 25. Rxc4 Rxc4 26. Kg2 Kf8 27. Rb1 Ra4 28. Rb2 Ke7 29. h3 Ne8 30. g4 Nd6 31. Ng3 Ke6 32. Rc2 Rc4 33. f3 b5 34. fxe4 dxe4 35. Ne2 f6 36. Rb2 Ra4 37. Kf2 Kd5 38. Ke1 a6 39. Kf2 f5 40. gxf5 Nxf5 41. Rc2 Rc4 42. Rc1 Ra4 43. Rc2 h5 44. c4+ Rxc4 45. Nc3+ Ke6 46. a3 a5 47. d5+ Ke5 48. d6 Nxd6 0-1


[Site "https://www.chess.com"]

[Event "Titled Tuesday Blitz May 2 Late 2023"]
[White "Halkias, Stelios"]
[Black "Loiacono, Antonio"]
[WhiteFideId "4201809"]
[BlackFideId "895415"]
[WhiteElo "2451"]
[BlackElo "2257"]
[Result "1-0"]
[Round "07"]
[TimeControl "180+2"]
[Date "2023.05.02"]
[WhiteClock "0:01:01"]
[BlackClock "0:00:58"]

1. Nf3 Nf6 2. c4 b6 3. g3 Bb7 4. Bg2 e6 5. O-O Be7 6. Nc3 O-O 7. Re1 Ne4 8. Nxe4 Bxe4 9. d3 Bb7 10. d4 Be4 11. Ne5 Bxg2 12. Kxg2 d6 13. Nf3 Bf6 14. e4 Nd7 15. Qc2 g6 16. Bh6 Bg7 17. Bxg7 Kxg7 18. Rad1 Qe7 19. e5 dxe5 20. dxe5 a5 21. h4 h5 22. Qd2 Nc5 23. Qe3 Rad8 24. b3 Rxd1 25. Rxd1 Rd8 26. Rd4 Rxd4 27. Qxd4 Qe8 28. Ng5 Qc6+ 29. f3 Qe8 30. Kf2 Qe7 31. Ke2 Qe8 32. Qd2 Qe7 33. Qf4 Nd7 34. g4 hxg4 35. fxg4 Nf8 36. h5 Nh7 37. h6+ Kxh6 38. Nxe6+ g5 39. Qh2+ Kg6 40. Qh5# 1-0


[Site "https://www.chess.com"]

[Event "Titled Tuesday Blitz May 2 Late 2023"]
[White "Hajiyev, Kanan"]
[Black "Papasimakopoulos, Alexandros"]
[WhiteFideId "13404148"]
[BlackFideId "4244125"]
[WhiteElo "2103"]
[BlackElo "2359"]
[Result "0-1"]
[Round "07"]
[TimeControl "180+2"]
[Date "2023.05.02"]
[WhiteClock "0:00:01"]
[BlackClock "0:00:54"]

1. d4 e6 2. Nf3 Nf6 3. c4 Bb4+ 4. Nbd2 b6 5. a3 Bxd2+ 6. Bxd2 Bb7 7. g3 d6 8. Bg2 Nbd7 9. O-O O-O 10. b4 Be4 11. Bc3 Qe7 12. Qc1 h6 13. Qe3 a6 14. Rfd1 b5 15. c5 Bc6 16. Ne5 Bxg2 17. Nxd7 Nd5 18. Qd3 Be4 19. Qxe4 Nxc3 20. Qc6 Rfd8 21. cxd6 Nxe2+ 22. Kf1 Qxd7 23. Qxc7 Nxg3+ 24. hxg3 Qxd6 25. Qxd6 Rxd6 26. Rac1 Rad8 27. Ke2 h5 28. Rc5 g6 29. Ke3 Kg7 30. f4 R8d7 31. Ke4 Kf6 32. Rd3 Rd5 33. Rd2 g5 34. Rxd5 exd5+ 35. Kf3 Rc7 36. Rd3 g4+ 37. Ke3 Kf5 38. Rb3 Re7+ 39. Kf2 Rc7 40. Re3 f6 41. Re7 Rxe7 0-1


[Site "https://www.chess.com"]

[Event "Titled Tuesday Blitz May 2 Late 2023"]
[White "Schmakel, Sam"]
[Black "Maurizzi, Marc`Andria"]
[WhiteFideId "2039311"]
[BlackFideId "36083534"]
[WhiteElo "2356"]
[BlackElo "2421"]
[Result "0-1"]
[Round "07"]
[TimeControl "180+2"]
[Date "2023.05.02"]
[WhiteClock "0:00:25"]
[BlackClock "0:02:16"]

1. d4 Nf6 2. c4 g6 3. Nc3 Bg7 4. e4 d6 5. h3 O-O 6. Be3 Nc6 7. d5 Ne5 8. f4 Ned7 9. Nf3 c6 10. Qc2 cxd5 11. cxd5 b6 12. Bb5 Bb7 13. Nd4 Rc8 14. Bc6 Qc7 15. O-O Qb8 16. Bxb7 Qxb7 17. Qe2 Rxc3 18. bxc3 Nxe4 19. c4 Rc8 20. Rfc1 Qa6 21. Rab1 f5 22. Nc6 Re8 23. Bd4 e5 24. dxe6 Rxe6 25. Bxg7 Kxg7 26. Nd4 Re8 27. Nb5 Qc8 28. Qb2+ Ndf6 29. Qd4 Ng3 30. Rc2 Ne2+ 31. Rxe2 Rxe2 32. Nxd6 Qc6 0-1


[Site "https://www.chess.com"]

[Event "Titled Tuesday Blitz May 2 Late 2023"]
[White "Saya, Ethan"]
[Black "Gritsenko, Nikolai"]
[WhiteFideId "26095181"]
[BlackFideId "14112493"]
[WhiteElo "2189"]
[BlackElo "2389"]
[Result "1/2-1/2"]
[Round "07"]
[TimeControl "180+2"]
[Date "2023.05.02"]
[WhiteClock "0:00:39"]
[BlackClock "0:00:09"]

1. e4 d5 2. exd5 Nf6 3. d4 Nxd5 4. Nf3 g6 5. Be2 Bg7 6. O-O O-O 7. c3 b6 8. Nbd2 Bb7 9. Re1 Nd7 10. Nc4 c5 11. Ne3 cxd4 12. Nxd4 Ne5 13. Nf3 Nxe3 14. Bxe3 Qxd1 15. Raxd1 Nxf3+ 16. Bxf3 Bxf3 17. gxf3 Rfd8 18. Kf1 f6 19. Ke2 Kf7 20. Rxd8 Rxd8 21. a4 Rd5 22. Rd1 Ke6 23. Rxd5 Kxd5 24. Kd3 f5 25. c4+ Kc6 26. b4 Be5 27. h3 Bd6 28. b5+ Kc7 29. f4 Kb7 30. Kd4 e6 31. Kd3 Be7 32. Bd2 h6 33. Be3 g5 34. fxg5 hxg5 35. c5 bxc5 36. Kc4 Kb6 37. Bd2 a5 38. bxa6 Kxa6 39. a5 g4 40. hxg4 fxg4 41. Bc3 Bh4 42. Be1 Be7 43. Bd2 Bh4 44. Be1 Bxf2 45. Bxf2 Kxa5 46. Kxc5 Ka4 47. Kd6 Kb3 48. Kxe6 Kc4 49. Kf5 g3 50. Bxg3 1/2-1/2


[Site "https://www.chess.com"]

[Event "Titled Tuesday Blitz May 2 Late 2023"]
[White "Prohaszka, Peter"]
[Black "Erzhanov, Arman"]
[WhiteFideId "726265"]
[BlackFideId "4138821"]
[WhiteElo "2626"]
[BlackElo "2138"]
[Result "1-0"]
[Round "07"]
[TimeControl "180+2"]
[Date "2023.05.02"]
[WhiteClock "0:01:38"]
[BlackClock "0:01:33"]

1. d4 d6 2. Nf3 g6 3. c4 Bg7 4. Nc3 e5 5. g3 Nc6 6. dxe5 dxe5 7. Qxd8+ Nxd8 8. Nb5 Ne6 9. Ng5 Nxg5 10. Bxg5 f6 11. Nxc7+ Kd8 12. Nxa8 fxg5 13. O-O-O+ Bd7 14. Bh3 Nf6 15. Rxd7+ Nxd7 16. Rd1 Bh6 17. Rxd7+ Kc8 18. Bg4 Kb8 19. Nc7 Rc8 20. Rxh7 Bf8 21. Bxc8 1-0


[Site "https://www.chess.com"]

[Event "Titled Tuesday Blitz May 2 Late 2023"]
[White "Martinez Ramirez, Lennis"]
[Black "Graif, William"]
[WhiteFideId "3509079"]
[BlackFideId "2609835"]
[WhiteElo "2410"]
[BlackElo "2205"]
[Result "1-0"]
[Round "07"]
[TimeControl "180+2"]
[Date "2023.05.02"]
[WhiteClock "0:02:08"]
[BlackClock "0:01:14"]

1. Nf3 d5 2. b3 Nf6 3. Bb2 e6 4. g3 b6 5. Bg2 Bb7 6. O-O Nbd7 7. c4 Bd6 8. cxd5 exd5 9. Nh4 g6 10. Nc3 a6 11. Nxd5 Bxd5 12. Bxd5 Nxd5 13. Bxh8 f6 14. e4 Nb4 15. d4 Kf7 16. e5 fxe5 17. dxe5 Nxe5 18. Bxe5 Bxe5 19. Qf3+ Kg7 20. Rad1 Qe7 21. Qg4 Kh8 22. Rd7 Qc5 23. Nxg6+ hxg6 24. Qh4+ Kg8 25. Qh7+ 1-0


[Site "https://www.chess.com"]

[Event "Titled Tuesday Blitz May 2 Late 2023"]
[White "Sai Krishna G V"]
[Black "Berg, Olaf"]
[WhiteFideId "5028280"]
[BlackFideId "7200420"]
[WhiteElo "2359"]
[BlackElo "2269"]
[Result "1-0"]
[Round "07"]
[TimeControl "180+2"]
[Date "2023.05.02"]
[WhiteClock "0:02:30"]
[BlackClock "0:01:54"]

1. e4 d5 2. exd5 Qxd5 3. Nc3 Qd6 4. d4 Nf6 5. Nf3 c6 6. Ne5 Nbd7 7. Nc4 Qc7 8. Qf3 e5 9. dxe5 Nxe5 10. Qe2 Bd6 11. Bf4 Bg4 12. Nxd6+ 1-0


[Site "https://www.chess.com"]

[Event "Titled Tuesday Blitz May 2 Late 2023"]
[White "Shubenkova, Veronika"]
[Black "Jaracz, Pawel"]
[WhiteFideId "44124040"]
[BlackFideId "1102222"]
[WhiteElo "2027"]
[BlackElo "2438"]
[Result "1-0"]
[Round "07"]
[TimeControl "180+2"]
[Date "2023.05.02"]
[WhiteClock "0:01:12"]
[BlackClock "0:00:05"]

1. e4 e5 2. Nf3 Nc6 3. Bb5 Nf6 4. Bxc6 dxc6 5. O-O Bg4 6. d3 Bd6 7. Be3 c5 8. Nbd2 Nd7 9. h3 Bh5 10. Nc4 f6 11. c3 Nb6 12. Nxd6+ cxd6 13. d4 Qe7 14. Qe2 O-O 15. dxe5 fxe5 16. g4 Bg6 17. Bg5 Qe6 18. Nh4 h6 19. Bd2 Rf6 20. Nf5 Bxf5 21. exf5 Qc4 22. Qxc4+ Nxc4 23. Bc1 e4 24. b3 Ne5 25. Kg2 d5 26. Be3 b6 27. Kg3 Rd8 28. Bf4 Nd3 29. f3 g5 30. Bd2 Ne5 31. f4 Nf7 32. fxg5 hxg5 33. h4 gxh4+ 34. Kxh4 d4 35. cxd4 cxd4 36. g5 Rc6 37. g6 Ne5 38. Bg5 Rf8 39. Rf4 Nf3+ 40. Kh5 Rc2 41. Rh1 Rg2 42. Be7 Re8 43. f6 1-0


[Site "https://www.chess.com"]